 Dungeon Crawl Stone Soup version 0.30-a0-297-g0ec75d9ef4 (webtiles) character file.

Game seed: 4058347011991467834

69 HarveyMantaco the Chopper (level 4, -3/24 (38) HPs)
             Began as a Hill Orc Reaver on Oct 18, 2022.
             Killed by nerve-wracking pain
             ... invoked by an orc priest
              (8 damage)
             ... on level 2 of the Dungeon.
             The game lasted 00:05:52 (1387 turns).

HarveyMantaco the Chopper (Hill Orc Reaver)         Turns: 1387, Time: 00:05:52

HP:   -3/24 (38)    AC:  3    Str: 14    XL:     4   Next: 20%
MP:   6/6           EV: 11    Int: 15    God:
Gold: 63            SH:  0    Dex:  9    Spells: 1/6 levels left

rFire   . . .      SeeInvis .    a - +0 hand axe
rCold   . . .      Faith    .    (no shield)
rNeg    . . .      Spirit   .    b - +0 leather armour
rPois   .          Reflect  .    (no helmet)
rElec   .          Harm     .    (no cloak)
rCorr   .          Rampage  .    (no gloves)
Will    .....                    (no boots)
Stlth   +.........               (no amulet)
HPRegen 0.24/turn                (no ring)
MPRegen 0.10/turn                (no ring)

@: very heavily drained
A: no striking features
a: Convert to Beogh


You were on level 2 of the Dungeon.
You visited 1 branch of the dungeon, and saw 2 of its levels.

You collected 63 gold pieces.

Inventory:

Hand Weapons
 a - a +0 hand axe (weapon)
Armour
 b - a +0 leather armour (worn)
 g - a +0 ring mail
Magical Staves
 h - a staff of fire
Scrolls
 f - a scroll of enchant armour {unknown}
 j - 2 scrolls of identify {unknown}
 l - a scroll of enchant weapon {unknown}
Potions
 d - a potion of heal wounds {unknown}
 e - a potion of attraction {unknown}
 i - a potion of resistance {unknown}
 k - 2 potions of haste {unknown}


   Skills:
 - Level 3.5 Fighting
 - Level 5.8 Axes
 - Level 1.5 Dodging
 - Level 1.5 Spellcasting
 * Level 3.0 Conjurations
 * Level 0.1 Fire Magic


You had one spell level left.
You knew the following spells:

 Your Spells              Type           Power      Damage    Failure   Level
a - Kiss of Death         Conj/Necr      20%        2d7       16%         1
b - Sticky Flame          Conj/Fire      6%         2d3       83%         4

Your spell library contained the following spells:

 Spells                   Type           Power      Damage    Failure   Level
 Momentum Strike          Conj/Tloc      10%        3d8       24%         2
 Hailstorm                Conj/Ice       5%         3d4       43%         3
 Ignite Poison            Fire/Tmut/Pois 1%         N/A       65%         3
 Vhi's Electric Charge    Tloc/Air       2%         N/A       65%         3
 Arcjolt                  Conj/Air       2%         1d12      99%         5
 Ignition                 Fire           0%         3d3       100%        8
 Maxwell's Capacitive Co  Air            0%         ∞         100%        8


Dungeon Overview and Level Annotations

Branches:
Dungeon (2/15)

Altars:
Nemelex Xobeh

Shops:
D:1 :   D:2 =


Message History

The orc priest is lightly wounded.
The orc priest hits you with a +0 club.
You barely miss the orc priest.
The orc priest is lightly wounded.
The orc priest hits you with a +0 club.
* * * LOW HITPOINT WARNING * * *
You hit the orc priest but do no damage.
The orc priest is lightly wounded.
The orc priest hits you with a +0 club.
* * * LOW HITPOINT WARNING * * *
You hit the orc priest but do no damage.
The orc priest is lightly wounded.
The orc priest closely misses you.
The orc priest threatens, "By the altar or by the axe, you will meet Beogh!"
You hit the orc priest.
The orc priest is moderately wounded.
The orc priest hits you with a +0 club.
* * * LOW HITPOINT WARNING * * *
It was a potion of curing.
You feel better. The orc priest hits you with a +0 club.
Casting: Kiss of Death (safe; 16% risk of failure)
Confirm with . or Enter, or press ? or * to list all spells.
The spell is astonishingly dangerous to miscast (83% risk of failure)!
Continue anyway?
Okay, then.
Unknown command.
Unknown command.
You hit the orc priest but do no damage.
The orc priest is moderately wounded.
The orc priest hits you with a +0 club.
* * * LOW HITPOINT WARNING * * *
You barely miss the orc priest.
The orc priest is moderately wounded.
The orc priest shouts, "Join the one true god or die!"
The orc priest hits you with a +0 club.
* * * LOW HITPOINT WARNING * * *
You barely miss the orc priest.
The orc priest is moderately wounded.
The orc priest calls down the wrath of Beogh upon you.
Pain shoots through your body!
You die...

#..#.. ..._..
#.......#.# #..######..
.. ###.###..)#
#.......... .
..........# #.#########
. ####.#####.. #.#
.#+#.... ##### #.#
##..... . ...... #.#
....##### ######
#.#############o.......
#.........)..@oo...#
###############{.......
###...~.. .....o .....
....o .~.. ....


You could see an orc priest and 2 orcs.

Vanquished Creatures
  3 adders (D:2)
  A worm (D:2)
  2 dart slugs (D:1)
  An orc (D:2)
  3 bats
  An endoplasm (D:1)
  A giant cockroach (D:2)
  7 goblins
  3 hobgoblins
  A quokka (D:1)
  3 ball pythons
  3 frilled lizards
  3 kobolds (D:2)
  2 rats
34 creatures vanquished.

Notes
Turn   | Place    | Note
-------+----------+-------------------------------------------
     0 | D:1      | HarveyMantaco the Hill Orc Reaver began the quest for the
                  | Orb.
     0 | D:1      | Reached XP level 1. HP: 18/18 MP: 3/3
   125 | D:1      | Reached XP level 2. HP: 25/25 MP: 4/4
   488 | D:1      | Found Ymazxuwk's Vocational Training.
   490 | D:1      | Reached skill level 5 in Axes
   603 | D:2      | Reached XP level 3. HP: 25/29 MP: 5/5
   651 | D:2      | Found a faded altar of an unknown god.
  1243 | D:2      | Found Iqegedek's Jewellery Shoppe.
  1251 | D:2      | Found a sparkling altar of Nemelex Xobeh.
  1295 | D:2      | Reached XP level 4. HP: 18/24 MP: 6/6
  1342 | D:2      | Learned a level 4 spell: Sticky Flame
  1387 | D:2      | Killed from afar by an orc priest

Illustrated notes

Levels and vault maps discovered:
D:1:      lightli_arrival_statue_moat, layout_rooms, hex_tiny,
          nicolae_shop_vocational
D:2:      cheibrodos_pilgrimage, layout_basic,
          shapermc_ecumenical_altar_totnotflames, basic_altar, serial_shops,
          nicolae_square_shop, uniq_robin

Skill      XL: |  1  2 |
---------------+-------+-----
Fighting       | 3 |  3.5
Axes           | 5 |  5.8
Dodging        | |  1.5
Spellcasting   | |  1.5
Conjurations   | |  3.0
Fire Magic     | |  0.1

Action                   |  1- 3 |  4- 6 || total
-------------------------+-------+-------++-------
Melee: Hand axe          |   125 |    36 ||   161
 Cast: Kiss of Death     |     4 |       ||     4
  Use: Potion            |       |     1 ||     1
Armor: Leather armour    |    27 |     8 ||    35
Dodge: Dodged            |    70 |    15 ||    85

Table legend: (Time is in decaauts)
 A = Elapsed time spent in this place.
 B = Non-inter-level travel time spent in this place.
 C = Inter-level travel time spent in this place.
 D = Time resting spent in this place.
 E = Time spent auto-exploring this place.
 F = Levels seen in this place.
 G = Mean time per level.
                   A        B        C        D        E       F      G
               +--------+--------+--------+--------+--------+-----+--------+
         Total |   1394 |   1368 |     26 |    209 |    766 |   2 |  697.0 |
       Dungeon |   1394 |   1368 |     26 |    209 |    766 |   2 |  697.0 |
               +--------+--------+--------+--------+--------+-----+--------+

Top non-repeatable levels by time:
     D:2: 744 daAuts
     D:1: 649 daAuts
